 Seeded DCSS version 0.30-a0-4-ga7cffc901d (webtiles) character file.

Game seed: 14231039776338730706 (custom seed)

150 purpskrrrp the Trooper (level 5, 0/33 HPs)
             Began as a Gargoyle Fighter on Aug 21, 2022.
             Slain by an iguana (10 damage)
             ... on level 4 of the Dungeon.
             The game lasted 00:04:58 (2795 turns).

purpskrrrp the Trooper (Gargoyle Fighter)           Turns: 2795, Time: 00:04:58

Health: 0/33       AC: 12    Str: 21    XL:     5   Next: 32%
Magic:  5/5        EV:  9    Int:  9    God:
Gold:   209        SH:  4    Dex:  9    Spells: 4/4 levels left

rFire   . . .      SeeInvis .    h - +5 mace (holy)
rCold   . . .      Faith    .    c - +0 buckler
rNeg    + . .      Spirit   .    b - +0 scale mail
rPois   ∞          Reflect  .    (no helmet)
rElec   +          Harm     .    j - +0 cloak
rCorr   .          Rampage  .    (no gloves)
Will    .....                    (no boots)
Stlth   ..........               e - amulet of magic regeneration
HPRegen 0.11/turn                (no ring)
MPRegen 0.49/turn                (no ring)

@: no status effects
A: sickness immunity, AC +4, negative energy resistance 1, electricity
resistance, torment resistance 1, petrification resistance
a: no special abilities


You were on level 4 of the Dungeon.
You visited 1 branch of the dungeon, and saw 4 of its levels.

You collected 209 gold pieces.

Inventory:

Hand Weapons
 a - a +0 flail
 h - a +5 mace of holy wrath (weapon)
Missiles
 m - 10 boomerangs (quivered)
 n - 6 atropa-tipped darts
Armour
 b - a +0 scale mail (worn)
 c - a +0 buckler (worn)
 j - a +0 cloak (worn)
Jewellery
 e - an amulet of magic regeneration (around neck)
 p - a +4 ring of evasion
Scrolls
 g - a scroll of identify
 k - a scroll of butterflies {unknown}
 o - a scroll of immolation {unknown}
 r - a scroll of summoning {unknown}
Potions
 d - a potion of might
 f - 2 potions of curing
 i - 3 potions of flight {unknown}
 l - a potion of mutation {unknown}
 q - a potion of attraction {unknown}


   Skills:
 + Level 4.1 Fighting
 * Level 3.5 Maces & Flails
 + Level 4.1 Armour
 + Level 4.1 Shields


You had 4 spell levels left.
You didn't know any spells.
Your spell library contained the following spells:

 Spells                   Type           Power      Damage    Failure   Level
 Summon Small Mammal      Summ           0%         N/A       80%         1
 Poisonous Vapours        Pois/Air       0%         N/A       91%         2
 Call Canine Familiar     Summ           0%         N/A       99%         3
 Gell's Gravitas          Tloc           0%         N/A       99%         3
 Lesser Beckoning         Tloc           0%         N/A       99%         3
 Summon Guardian Golem    Hex/Summ       0%         N/A       99%         3
 Teleport Other           Tloc           0%         N/A       99%         3
 Corpse Rot               Necr/Pois/Air  0%         N/A       100%        4
 Petrify                  Tmut/Erth      0%         N/A       100%        4
 Metabolic Englaciation   Hex/Ice        0%         N/A       100%        5
 Statue Form              Tmut/Erth      Unusable   N/A       N/A         6

Dungeon Overview and Level Annotations

Branches:
Dungeon (4/15)
 Temple: D:4-7

Altars:

Shops:
D:4 *


Innate Abilities, Weirdness & Mutations

You are immune to sickness and miasma.
Your stone body is resilient. (AC +4)
You are immune to poison.
You resist negative energy. (rN+)
You are resistant to electric shocks. (rElec)
You are resistant to unholy torment.
You are immune to petrification.


Message History

The kobold is severely wounded.
The kobold barely misses you.
You barely miss the kobold.
The kobold is severely wounded.
You block the kobold's attack.
You closely miss the kobold.
The kobold is severely wounded.
You block the iguana's attack. The kobold hits you with a +0 club.
The kobold hits you but does no damage. The iguana barely misses you.
You are too injured to fight recklessly!
You are too injured to fight recklessly!
You are too injured to fight recklessly!
You are too injured to fight recklessly!
You are too injured to fight recklessly!
You are too injured to fight recklessly!
You are too injured to fight recklessly!
You are too injured to fight recklessly!
You are too injured to fight recklessly!
You are too injured to fight recklessly!
You are too injured to fight recklessly!
You are too injured to fight recklessly!
You are too injured to fight recklessly!
You are too injured to fight recklessly!
Unknown command.
Hit: h) +5 mace (holy)
Press: ? - help, Dir - move target, f - kobold
Aim: a kobold, wielding a +0 club and quivering stones (severely wounded, about 41% to evade your +5 mace of holy wrath)
You hit the kobold.
You kill the kobold!
The iguana completely misses you.
Hit: h) +5 mace (holy)
Press: ? - help, Dir - move target, f - iguana
Aim: an iguana (about 31% to evade your +5 mace of holy wrath)
You barely miss the iguana. The iguana bites you!
* * * LOW HITPOINT WARNING * * *
Unknown command.
You feel better. The iguana bites you!
* * * LOW HITPOINT WARNING * * *
You feel better. The iguana bites you!
You die...

#.......##.♣.P..
#.......#..♣.....
#.......+.........
#.......##+########
# ###†##..# .#
##.##..##..#....
.#.......†........
.'................
######@##..$....#
#..)l##.......#
..................
..................
..............#...
..###...##....#.. .
##### ###


You could see an iguana.

Vanquished Creatures
  An orc priest (D:4)
  3 adders
  2 shadow imps (D:4)
  A white imp (D:4)
  An ufetubus (D:4)
  3 worms (D:2)
  3 orcs (D:4)
  4 bats
  8 endoplasms
  A giant cockroach (D:1)
  A goblin (D:1)
  4 hobgoblins
  3 jackals (D:1)
  5 quokkas
  4 ball pythons
  2 frilled lizards (D:1)
  7 kobolds
  2 rats
55 creatures vanquished.

Vanquished Creatures (others)
  5 plants (D:4)
5 creatures vanquished.

Grand Total: 60 creatures vanquished

Notes
Turn   | Place    | Note
-------+----------+-------------------------------------------
     0 | D:1      | purpskrrrp the Gargoyle Fighter began the quest for the
                  | Orb.
     0 | D:1      | Reached XP level 1. HP: 14/14 MP: 1/1
   298 | D:1      | Reached XP level 2. HP: 17/19 MP: 2/2
   813 | D:2      | Reached XP level 3. HP: 23/23 MP: 3/3
  1782 | D:3      | Reached XP level 4. HP: 29/29 MP: 4/4
  2466 | D:4      | Found Qiapufal's Assorted Antiques.
  2516 | D:4      | Reached XP level 5. HP: 15/33 MP: 5/5
  2794 | D:4      | HP: 1/33 [iguana (10)]
  2795 | D:4      | Slain by an iguana

Illustrated notes

Levels and vault maps discovered:
D:1:      roderic_crossed_star, layout_loops_ring,
          hangedman_abyss_or_decor_lesser_grid, minmay_misc_feat_enclosed
D:2:      cheibrodos_old_hovel, layout_loops_ring
D:3:      layout_basic
D:4:      layout_gridville, serial_shops, nicolae_stop_n_shop_1, serial_demonic,
          serial_demonic_d, serial_demonic_b, serial_demonic_g,
          serial_demonic_g, serial_demonic_e, serial_demonic_a,
          serial_demonic_d, serial_demonic_b, serial_bayou_lagoon_b, uniq_pikel

Skill      XL: |  1  2  3  4 |
---------------+-------------+-----
Maces & Flails | 3 |  3.5
Fighting       | 4 |  4.1
Armour         | 4 |  4.1
Shields        | 4 |  4.1

Action                   |  1- 3 |  4- 6 || total
-------------------------+-------+-------++-------
Melee: Flail             |     9 |       ||     9
       Mace              |    79 |    49 ||   128
  Use: Scroll            |     4 |       ||     4
       Potion            |       |     4 ||     4
Armor: Scale mail        |    57 |    28 ||    85
Dodge: Dodged            |    39 |    30 ||    69
Block: Buckler           |    21 |    13 ||    34

Table legend: (Time is in decaauts)
 A = Elapsed time spent in this place.
 B = Non-inter-level travel time spent in this place.
 C = Inter-level travel time spent in this place.
 D = Time resting spent in this place.
 E = Time spent auto-exploring this place.
 F = Levels seen in this place.
 G = Mean time per level.
                   A        B        C        D        E       F      G
               +--------+--------+--------+--------+--------+-----+--------+
         Total |   2835 |   2777 |     58 |      0 |   2393 |   4 |  708.8 |
       Dungeon |   2835 |   2777 |     58 |      0 |   2393 |   4 |  708.8 |
               +--------+--------+--------+--------+--------+-----+--------+

Top non-repeatable levels by time:
     D:3: 877 daAuts
     D:1: 821 daAuts
     D:2: 797 daAuts
     D:4: 339 daAuts
